 Dungeon Crawl Stone Soup version 0.18-a0-1639-g7533f42 (webtiles) character file.

55273 namelastname112 the Black Belt (level 14, 0/118 HPs)
             Began as a Red Draconian Transmuter on Mar 27, 2016.
             Was the Champion of Cheibriados.
             Slain by a redback (2 damage)
             ... on level 1 of the Depths.
             The game lasted 00:29:48 (17986 turns).

namelastname112 the Black Belt (DrTm)              Turns: 17986, Time: 00:29:48

Health: 0/118      AC:  3    Str: 29    XL:     14   Next: 37%
Magic:  19/22      EV:  2    Int: 29    God:    Cheibriados [******]
Gold:   1160       SH:  0    Dex: 30    Spells: 3 memorised, 12 levels left

rFire  + + .     SeeInvis .       - Unarmed
rCold  . . .     Gourm    .     (armour unavailable)
rNeg   + + +     Faith    .     (shield currently unavailable)
rPois  ∞         Spirit   .     k - +2 hat
rElec  .         Dismiss  .     m - +0 cloak
rCorr  .         Reflect  .     (gloves currently unavailable)
SustAt .         Harm     .     (no boots)
MR     +++..                    (no amulet)
Stlth  ++........               t - ring of protection from fire
                                N - ring of Tuasch {*Corrode rPois MR++}

@: blade hands, petrified, corroded, very slow, extremely resistant to hostile
enchantments, unstealthy
A: breathe fire, unfitting armour, fire resistance 1, cold-blooded, AC +8
a: Breathe Fire, End Transformation, Bend Time, Temporal Distortion, Slouch,
Step From Time, Renounce Religion


You were on level 1 of the Depths.
You worshipped Cheibriados.
Cheibriados was exalted by your worship.
You were very hungry.
You had blades for hands.
You visited 3 branches of the dungeon, and saw 17 of its levels.

You collected 1265 gold pieces.
You spent 105 gold pieces at shops.

Inventory:

Missiles
 a - 385 arrows
 e - 8 arrows of dispersal
 s - 29 poisoned arrows
Armour
 k - a +2 hat (worn)
 m - a +0 cloak (worn)
 q - the +3 buckler of the Cast Vote (melded) {rN+ rCorr Str+2 Dex+4}
   (You acquired it on level 12 of the Dungeon)

   It affects your strength (+2).
   It affects your dexterity (+4).
   It protects you from negative energy.
   It protects you from acid and corrosion.
 x - a +1 pair of gloves (melded)
Rods
 W - a -1 iron rod (14/14)
   (You found it on level 12 of the Dungeon)
Jewellery
 g - an uncursed ring of flight
 t - a ring of protection from fire (right scythe-like blade)
 K - an uncursed ring of positive energy
 N - the ring of Tuasch (left scythe-like blade) {*Corrode rPois MR++}
   (You found it on level 14 of the Dungeon)

   [ring of poison resistance]

   It protects you from poison.
   It affects your resistance to hostile enchantments.
   It may corrode you when you take damage.
 U - an uncursed ring of see invisible
Wands
 p - a wand of disintegration (20/24)
 y - a wand of disintegration (12/24)
 z - a wand of lightning (11/15)
 E - a wand of disintegration (2/24)
 R - a wand of iceblast (9/15)
 S - a wand of lightning (5/15)
 T - a wand of lightning (5/15)
 V - a wand of digging (13/24)
Scrolls
 f - 4 scrolls of magic mapping
 h - a scroll of enchant armour
 l - 3 scrolls of blinking
 o - 4 scrolls of teleportation
 A - 2 scrolls of fear
 C - 3 scrolls of recharging
 H - 2 scrolls of amnesia
 J - 3 scrolls of noise {unknown}
 O - 2 scrolls of remove curse
 P - 3 scrolls of brand weapon
Potions
 d - 4 potions of flight
 i - 7 potions of curing
 j - 4 potions of heal wounds
 r - 2 potions of brilliance
 v - 2 potions of might {unknown}
 B - a potion of ambrosia
 D - 2 potions of magic
 G - a potion of lignification
 I - a potion of agility
 X - a potion of cure mutation {unknown}
 Y - a potion of resistance
Books
 b - a book of Changes

   Spells                             Type                      Level
   a - Beastly Appendage              Transmutation                1
   b - Sticks to Snakes               Transmutation                2
   c - Spider Form                    Transmutation/Poison         3
   d - Ice Form                       Ice/Transmutation            4
   e - Blade Hands                    Transmutation                5
 u - a book of Air

   Spells                             Type                      Level
   a - Shock                          Conjuration/Air              1
   b - Swiftness                      Charms/Air                   2
   c - Repel Missiles                 Charms/Air                   2
   d - Static Discharge               Conjuration/Air              3
   e - Lightning Bolt                 Conjuration/Air              5
 L - a book of Party Tricks

   Spells                             Type                      Level
   a - Summon Butterflies             Summoning                    1
   b - Apportation                    Translocation                1
   c - Tukima's Dance                 Hexes                        3
   d - Alistair's Intoxication        Transmutation/Poison         5
   e - Invisibility                   Hexes                        6
 Q - a book of Geomancy

   Spells                             Type                      Level
   a - Sandblast                      Earth                        1
   b - Passwall                       Transmutation/Earth          2
   c - Stone Arrow                    Conjuration/Earth            3
   d - Petrify                        Transmutation/Earth          4
   e - Lee's Rapid Deconstruction     Earth                        5
Miscellaneous
 F - a phantom mirror
Comestibles
 c - 12 bread rations
 n - 6 fruits
 w - 9 meat rations
 M - 7 royal jellies
 Z - 2 slices of pizza


   Skills:
 + Level 9.1 Fighting
 + Level 9.7 Dodging
 - Level 4.7 Shields
 * Level 15.1 Unarmed Combat
 + Level 4.4 Spellcasting
 - Level 11.0 Transmutations
 + Level 11.1 Invocations


You had 12 spell levels left.
You knew the following spells:

 Your Spells              Type           Power        Failure   Level  Hunger
a - Repel Missiles        Chrm/Air       #.....       50%         2    None
b - Sticks to Snakes      Trmt           ######..     8%          2    None
x - Blade Hands           Trmt           ######....   21%         5    #####..


Dungeon Overview and Level Annotations

Branches:
Dungeon (15/15)            Temple (1/1) D:5            Lair (0/8) D:8
    Orc (0/2) D:11         Vaults (0/5) D:13         Depths (1/5) D:15

Altars:
Cheibriados
Dithmenos
Elyvilon
Fedhas
Kikubaaqudgha
Nemelex Xobeh
Okawaru
Qazlal
Ru
Vehumet
Xom
Yredelemnul
Zin
The Shining One

Shops:
D:6 ?   D:8 *   D:12 [


Innate Abilities, Weirdness & Mutations

You can breathe blasts of fire.
Your fiery red scales are hard (AC +8).
Your body does not fit into most forms of armour.
Your flesh is heat resistant.
You are cold-blooded and may be slowed by cold attacks.


Message History

The yaktaur unwields an uncursed arbalest.
The yaktaur hits you! The stone giant hits you!
Your corrosive artefact corrodes you!
The lich completely misses you.
A yaktaur comes into view.
The deep troll changes into a shock serpent!
The redback barely misses you.
The yaktaur hits you but does no damage.
The stone giant hits you!! The redback bites you.
The lich touches you but does no damage.
The redback bites you!
* * * LOW HITPOINT WARNING * * *
The yaktaur barely misses you. The stone giant hits you!!
* * * LOW HITPOINT WARNING * * *
The lich points at you and mumbles some strange words.
Helpless, you fail to dodge the crystal spear.
* * * LOW HITPOINT WARNING * * *
Your corrosive artefact corrodes you!
You hear a shout!
The redback bites you.
You die...

.......??...
#...........
#...........
#...........
#......(....
#...........
#..cLCS.....
#...@s...c..
#)...(......
#...........
#...........
#...........
#...(.......
#...........
#.....(.....


You could see a stone giant, a lich, a shock serpent shaped shifter, 2 yaktaurs
and a redback.

Vanquished Creatures
  A fire giant (D:15)
  Nessos (D:15)
  Azrael (D:15)
  An ettin (D:15)
  An entropy weaver (D:15)
  A hydra (D:15)
  3 centaur warriors
  An ogre mage (D:13)
  A tengu warrior (D:14)
  Urug (D:10)
  A fire crab (shapeshifter) (D:14)
  A skeletal warrior (D:13)
  6 hill giants
  19 ugly things
  An orc knight (D:15)
  A wizard (D:14)
  Pikel (D:4)
  3 deep elf magi
  A griffon (D:15)
  4 cyclopes
  An orc sorcerer (D:15)
  A manticore (D:11)
  Maurice (D:11)
  3 gargoyles
  2 kobold demonologists (D:15)
  A rime drake (shapeshifter) (D:15)
  3 komodo dragons
  A freezing wraith (D:15)
  4 yaktaurs (D:13)
  5 trolls
  A queen bee (D:8)
  3 two-headed ogres (D:13)
  10 slime creatures
  A redback (D:15)
  A centaur simulacrum (D:15)
  A shadow (D:12)
  3 basilisks
  3 wyverns
  6 fire elementals (D:15)
  28 yaks
  5 hippogriffs
  3 hungry ghosts
  10 vampire mosquitoes
  A warg (D:15)
  2 mottled dragons
  2 water moccasins
  A soldier ant (D:15)
  3 hell hounds
  6 ice beasts
  8 ogres
  4 sky beasts
  A black bear (shapeshifter) (D:14)
  3 black bears
  4 orc warriors
  An eye of draining (D:15)
  A necrophage (D:3)
  A phantom (D:12)
  A wasp (D:14)
  11 centaurs
  4 boggarts (D:15)
  2 big kobolds (D:15)
  Blork the orc (D:5)
  A giant frog (shapeshifter) (D:13)
  10 giant frogs
  2 wyvern zombies
  A gnoll sergeant (D:7)
  20 killer bees
  5 scorpions
  The ghost of namelastname112 the Ruffian, a weakling DrMo (D:4)
  15 wights
  4 electric eels (D:10)
  2 howler monkeys
  5 crimson imps
  3 centaur zombies
  6 jellies
  2 quasits
  8 hounds
  4 orc wizards
  4 orc priests
  8 centaur skeletons
  Jessica (D:2)
  3 giant frog skeletons
  8 worker ants
  4 iguanas
  2 sheep (D:12)
  2 hound skeletons
  A worker ant zombie (D:6)
  9 adders
  7 gnolls
  4 shadow imps
  2 oozes
  3 adder skeletons
  4 worms
  6 giant geckos
  29 orcs
  5 giant cockroaches
  6 goblins
  6 hobgoblins
  4 jackals (D:3)
  3 quokkas
  2 ball pythons
  9 bats
  A giant newt (D:2)
  8 kobolds
  A quokka skeleton (D:6)
  6 rats
  2 toadstools (D:1)
443 creatures vanquished.

Vanquished Creatures (collateral kills)
  A jelly (D:9)
  An iguana (D:4)
2 creatures vanquished.

Vanquished Creatures (others)
  2 toadstools (D:1)
2 creatures vanquished.

Grand Total: 447 creatures vanquished

Notes
Turn   | Place    | Note
--------------------------------------------------------------
     0 | D:1      | namelastname112 the Draconian Transmuter began the quest for the Orb.
     0 | D:1      | Reached XP level 1. HP: 16/16 MP: 3/3
   119 | D:1      | Reached XP level 2. HP: 23/23 MP: 5/5
   181 | D:1      | Learned a level 2 spell: Sticks to Snakes
   485 | D:1      | Reached skill level 4 in Unarmed Combat
   866 | D:1      | Reached XP level 3. HP: 24/28 MP: 6/6
  1974 | D:2      | Found a faded altar to an unknown god.
  1981 | D:2      | Noticed Jessica
  1997 | D:2      | Killed Jessica
  1997 | D:2      | Reached skill level 5 in Unarmed Combat
  1997 | D:2      | Reached XP level 4. HP: 12/35 MP: 5/7
  2294 | D:2      | Found a basalt altar of Yredelemnul.
  2303 | D:2      | Found a glowing golden altar of the Shining One.
  2305 | D:2      | Noticed an angel
  2875 | D:3      | Found a shimmering altar of Xom.
  2875 | D:3      | Noticed a necrophage
  2891 | D:3      | Killed a necrophage
  2891 | D:3      | Reached skill level 6 in Unarmed Combat
  2891 | D:3      | Reached XP level 5. HP: 32/40 MP: 4/8
  3153 | D:4      | Reached XP level 6. HP: 29/47 MP: 5/9
  3285 | D:4      | Noticed namelastname112's ghost (weakling DrMo)
  3481 | D:4      | Killed namelastname112's ghost
  3481 | D:4      | Reached skill level 7 in Unarmed Combat
  3709 | D:4      | Noticed a slave
  3710 | D:4      | Noticed Pikel
  3711 | D:4      | Noticed a slave
  3750 | D:4      | Noticed a slave
  3759 | D:4      | Noticed a slave
  4110 | D:4      | Found a white marble altar of Elyvilon.
  4219 | D:4      | Killed Pikel
  4219 | D:4      | Reached skill level 9 in Unarmed Combat
  4219 | D:4      | Your scales start taking on a fiery red colour.
  4219 | D:4      | Reached XP level 7. HP: 47/52 MP: 2/10
  4219 | D:4      | Gained mutation: Your flesh is heat resistant. [Red Draconian growth]
  4286 | D:4      | Found an ancient bone altar of Kikubaaqudgha.
  4386 | D:5      | Entered Level 5 of the Dungeon
  4551 | D:5      | Noticed Blork the orc
  4565 | D:5      | Killed Blork the orc
  4565 | D:5      | Reached XP level 8. HP: 56/59 MP: 11/11
  4584 | D:5      | Found an iron altar of Okawaru.
  4603 | D:5      | Reached skill level 10 in Unarmed Combat
  5130 | D:5      | Found a staircase to the Ecumenical Temple.
  5153 | Temple   | Entered the Ecumenical Temple
  5170 | Temple   | Became a worshipper of Cheibriados the Contemplative
  5610 | D:6      | Found a glowing silver altar of Zin.
  5625 | D:6      | Reached skill level 1 in Invocations
  5732 | D:6      | Reached * piety under Cheibriados
  5874 | D:6      | Reached skill level 5 in Dodging
  5874 | D:6      | Reached XP level 9. HP: 67/67 MP: 11/13
  5881 | D:6      | Learned a level 5 spell: Blade Hands
  5901 | D:6      | Got a faintly glowing spear
  5902 | D:6      | Identified the +5 spear of the Ancient Eyes {flame, rC+ rN+ Int-4} (You found it on level 6 of the Dungeon)
  5943 | D:6      | Found a stormy altar of Qazlal.
  6081 | D:6      | Found Asagh's Magic Scroll Emporium.
  6084 | D:6      | Bought a scroll of blinking for 105 gold pieces
  6209 | D:7      | Reached XP level 10. HP: 74/74 MP: 14/14
  6439 | D:7      | Reached skill level 11 in Unarmed Combat
  6441 | D:7      | Reached ** piety under Cheibriados
  6879 | D:8      | Reached skill level 1 in Shields
  6903 | D:8      | Found a staircase to the Lair.
  7106 | D:8      | Found Meahisan's General Store.
  7638 | D:8      | Reached *** piety under Cheibriados
  8018 | D:8      | Reached **** piety under Cheibriados
  8377 | D:9      | Found a blossoming altar of Fedhas.
  8642 | D:9      | Reached XP level 11. HP: 60/83 MP: 12/16
  8769 | D:9      | Reached ***** piety under Cheibriados
  8878 | D:9      | Found a sparkling altar of Nemelex Xobeh.
  9006 | D:9      | Got an ancient great mace
  9007 | D:9      | Identified the cursed +1 great mace "Beniur" {venom, Str+4 Int+9 Dex-5 Stlth+} (You found it on level 9 of the Dungeon)
  9387 | D:10     | Entered Level 10 of the Dungeon
  9429 | D:10     | Noticed Urug
  9437 | D:10     | Killed Urug
 10561 | D:11     | Noticed Maurice
 10581 | D:11     | Killed Maurice
 10653 | D:11     | Found a staircase to the Orcish Mines.
 10823 | D:11     | Noticed a hill giant
 10829 | D:11     | Killed a hill giant
 10875 | D:11     | Noticed a hill giant
 10886 | D:11     | Killed a hill giant
 10886 | D:11     | Reached skill level 12 in Unarmed Combat
 11024 | D:11     | Noticed a purple ugly thing
 11028 | D:11     | Killed a purple ugly thing
 11069 | D:11     | Reached skill level 5 in Fighting
 11494 | D:12     | Identified a scroll of acquirement
 11495 | D:12     | Got a brightly glowing buckler
 11506 | D:12     | Identified the +3 buckler of the Cast Vote {rN+ rCorr Str+2 Dex+4} (You acquired it on level 12 of the Dungeon)
 11621 | D:12     | Reached XP level 12. HP: 94/94 MP: 8/18
 11933 | D:12     | Reached skill level 10 in Transmutations
 11956 | D:12     | Found a sparkling altar of Nemelex Xobeh.
 12107 | D:12     | Reached ****** piety under Cheibriados
 12109 | D:12     | Found Muedd's Antique Armour Emporium.
 12866 | D:13     | Reached skill level 13 in Unarmed Combat
 13274 | D:13     | Noticed a centaur warrior
 13282 | D:13     | Killed a centaur warrior
 13677 | D:13     | Noticed a centaur warrior
 13679 | D:13     | Killed a centaur warrior
 13682 | D:13     | Found a gate to the Vaults.
 13886 | D:13     | Reached XP level 13. HP: 90/105 MP: 14/20
 14491 | D:14     | Reached skill level 10 in Invocations
 14836 | D:14     | Reached skill level 14 in Unarmed Combat
 14962 | D:14     | Learned a level 2 spell: Repel Missiles
 15242 | D:14     | Got a bound turquoise ring
 15244 | D:14     | Identified the ring of Tuasch {*Corrode rPois MR++} (You found it on level 14 of the Dungeon)
 15371 | D:15     | Entered Level 15 of the Dungeon
 15408 | D:15     | Noticed Azrael
 15420 | D:15     | Killed Azrael
 15471 | D:15     | Found a staircase to the Depths.
 15471 | D:15     | Noticed a fire giant
 15512 | D:15     | Killed a fire giant
 15955 | D:15     | Noticed Nessos
 15971 | D:15     | Killed Nessos
 15988 | D:15     | Reached XP level 14. HP: 55/116 MP: 18/22
 17273 | Depths:1 | Entered Level 1 of the Depths
 17279 | Depths:1 | Noticed a stone giant
 17583 | Depths:1 | Noticed a lich
 17588 | D:15     | Reached skill level 15 in Unarmed Combat
 17697 | D:15     | xeno23: вот пидор
 17778 | D:15     | xeno23: контам желтый навесил
 17801 | D:15     | namelastname112: лол
 17801 | D:15     | namelastname112: привыкай
 17801 | D:15     | namelastname112: он такой
 17985 | Depths:1 | HP: 1/118 [lich/crystal spear (20)]
 17986 | Depths:1 | Slain by a redback

Vault maps used:
D:1:      ldierk_water_garden, st_stairs_7
D:2:      grunt_temple_overflow_holy_war, ecumenical_altar_1, uniq_jessica
D:3:      lemuel_crystal_altar
D:4:      nicolae_overflow_crystal_walls, kennysheep_mini_moat, first_bread,
          uniq_pikel
D:5:      temple_fountains, okawaru_metal_pillars_3, uniq_blork_the_orc
D:6:      lemuel_crystal_altar, nicolae_qazlal_eye_of_the_storm, serial_shops,
          kennysheep_mini
D:7:      eino_tiny_chamber
D:8:      minmay_lair_entry_lava, serial_shops, shop, david_nohive_1
D:9:      nemelex_altar_shiori, fedhas_altar_2
D:10:     statuecave_lemuel, uniq_urug
D:11:     orc_0_dummy, uniq_maurice
D:12:     serial_shops, shop, basic_altar, minivault_11, minmay_misc_feat_tower
D:13:     hangedman_vaults_entry_quadrant_bands, minmay_misc_feat_more_columns
D:14:     minmay_wavy_crystal, feat_on_display
D:15:     grunt_enter_depths_giant_problem, hangedman_decor_lopped,
          serial_glass, glass_columns_c, glass_columns_a, uniq_azrael,
          uniq_nessos
Temple:   zaba_magenta_temple_12
Depths:1: serial_shops, shop, hell_entry, grunt_ministairs_14, glass_columns_c,
          lightli_gold_pyramid, grunt_megastairs_2

Skill      XL: |  1  2  3  4  5  6  7  8  9 10 11 12 13 14 |
---------------+-------------------------------------------+-----
Unarmed Combat | 4 5 6 9 10 11 12 13 14 15 | 15.1
Dodging        | 5 6 7 8 9 |  9.7
Invocations    | 6 7 8 9 10 11 | 11.1
Fighting       | 2 3 5 7 8 9 |  9.1
Transmutations | 8 9 10 11 | 11.0
Shields        | 3 4 |  4.7
Spellcasting   | 3 4 |  4.4

Action                   |  1- 3 |  4- 6 |  7- 9 | 10-12 | 13-15 || total
-------------------------+-------+-------+-------+-------+-------++-------
Melee: Unarmed           |   146 |   171 |   165 |   570 |   324 ||  1376
       Great mace        |       |       |       |     4 |       ||     4
 Cast: Beastly Appendage |     6 |     1 |       |       |       ||     7
       Sticks to Snakes  |       |     9 |       |     2 |       ||    11
       Blade Hands       |       |       |       |    43 |    24 ||    67
       Repel Missiles    |       |       |       |       |     1 ||     1
Invok: Slouch            |       |       |       |     1 |     1 ||     2
 Abil: Breathe Fire      |       |       |     1 |     2 |     3 ||     6
Evoke: Wand              |       |       |       |     8 |     3 ||    11
  Use: Scroll            |       |     2 |     3 |    19 |     2 ||    26
       Potion            |       |     2 |     1 |     6 |       ||     9
 Stab: Sleeping          |       |       |     1 |     7 |     2 ||    10
       Distracted        |       |       |     1 |     2 |       ||     3
  Eat: Chunk             |     4 |     3 |     2 |    17 |     6 ||    32
       Meat ration       |       |     1 |     1 |     2 |     2 ||     6
       Royal jelly       |       |       |       |     1 |       ||     1
